 Dungeon Crawl Stone Soup version 0.21.1-1-g345015f (webtiles) character file.

10523 toffzen the Martial Artist (level 11, -2/58 HPs)
             Began as a Vine Stalker Transmuter on May 25, 2018.
             Was a High Priest of Okawaru.
             Slain by a komodo dragon (30 damage)
             ... on level 9 of the Dungeon.
             The game lasted 00:58:32 (12300 turns).

toffzen the Martial Artist (VSTm)                  Turns: 12300, Time: 00:58:33

Health: -2/58      AC:  5    Str: 13    XL:     11   Next: 63%
Magic:  0/16       EV: 19    Int: 16    God:    Okawaru [*****.]
Gold:   722        SH:  0    Dex: 15    Spells: 1/16 levels left

rFire    + . .     SeeInvis .     - Unarmed
rCold    . . .     Gourm    .   (shield currently unavailable)
rNeg     + + .     Faith    .   b - +0 robe
rPois    +         Spirit   +   u - +1 helmet of Inviolability {rPois rF+ rN++ Stlth+}
rElec    .         Reflect  .   (no cloak)
rCorr    .         Harm     .   (gloves currently unavailable)
MR       +++..                  I - +0 pair of boots
Stlth    ++++......             (no amulet)
HPRegen  0.59/turn              j - ring of protection from magic
MPRegen  0.15/turn              k - ring of protection from magic

@: blade hands, heroism
A: fangs 3, regeneration 1, magic shield, antimagic bite, no potion heal 3, rot
immunity
a: End Transformation, Heroism, Finesse, Renounce Religion


You were on level 9 of the Dungeon.
You worshipped Okawaru.
Okawaru was extremely pleased with you.
You were not hungry.
You had blades for hands.
You visited 3 branches of the dungeon, and saw 12 of its levels.

You collected 722 gold pieces.

Inventory:

Missiles
 l - 356 stones (quivered)
 H - 193 arrows
 N - a throwing net
Armour
 b - a +0 robe (worn)
 u - the +1 helmet of Inviolability (worn) {rPois rF+ rN++ Stlth+}
   (You took it off Robin on level 3 of the Dungeon)

   It protects you from fire.
   It protects you from poison.
   It greatly protects you from negative energy.
   It makes you more stealthy.
 I - a +0 pair of boots (worn)
 M - a +2 buckler
Magical Staves
 a - an uncursed staff of wizardry (melded)
Jewellery
 j - a ring of protection from magic (left scythe-like blade)
 k - a ring of protection from magic (right scythe-like blade)
 B - an uncursed amulet of the gourmand {unknown}
 L - an uncursed ring of stealth
Wands
 t - a wand of flame (23)
 G - a wand of iceblast (23)
 K - a wand of enslavement (12)
Scrolls
 f - a scroll of fog
 g - 2 scrolls of magic mapping
 h - a scroll of immolation
 i - 5 scrolls of amnesia
 o - 3 scrolls of remove curse
 r - 4 scrolls of teleportation
 v - 2 scrolls of random uselessness {unknown}
 y - a scroll of noise {unknown}
 E - 2 scrolls of enchant weapon
 F - a scroll of enchant armour {unknown}
 J - a scroll of fear {unknown}
Potions
 e - 2 potions of resistance {unknown}
 m - 3 potions of brilliance
 n - 6 potions of curing
 p - a potion of berserk rage
 q - 2 potions of degeneration
 s - a potion of cancellation
 w - a potion of mutation
 x - 2 potions of agility
 z - 3 potions of magic
 C - a potion of haste {unknown}
 D - 2 potions of ambrosia {unknown}
Books
 c - a book of Changes

   Spells                             Type                      Level
   a - Beastly Appendage              Transmutation                1
   b - Sticks to Snakes               Transmutation                2
   c - Spider Form                    Transmutation/Poison         3
   d - Ice Form                       Ice/Transmutation            4
   e - Blade Hands                    Transmutation                5
 A - a book of Battle

   Spells                             Type                      Level
   a - Infusion                       Charms                       1
   b - Shroud of Golubria             Charms/Translocation         2
   c - Song of Slaying                Charms                       2
   d - Spectral Weapon                Hexes/Charms                 3
   e - Regeneration                   Charms/Necromancy            3
 O - a book of Air

   Spells                             Type                      Level
   a - Shock                          Conjuration/Air              1
   b - Swiftness                      Charms/Air                   2
   c - Static Discharge               Conjuration/Air              3
   d - Airstrike                      Air                          4
   e - Lightning Bolt                 Conjuration/Air              5
Comestibles
 d - 13 rations


   Skills:
 + Level 7.5(12.5) Fighting
 + Level 5.5(10.5) Dodging
 * Level 11.9(16.9) Unarmed Combat
 - Level 3.0 Spellcasting
 + Level 8.8 Transmutations
 - Level 2.0 Invocations


You had one spell level left.
You knew the following spells:

 Your Spells              Type           Power        Failure   Level  Hunger
a - Beastly Appendage     Tmut           ####..       12%         1    #......
b - Sticks to Snakes      Tmut           ####....     13%         2    ##.....
c - Spider Form           Tmut/Pois      ###.......   43%         3    ###....
d - Blade Hands           Tmut           ####......   54%         5    ######.
e - Ice Form              Ice/Tmut       ###.....     73%         4    #####..


Dungeon Overview and Level Annotations

Branches:
Dungeon (10/15)            Temple (1/1) D:5            Lair (1/6) D:9
    Orc (0/2) D:10

Altars:
Ashenzari
Cheibriados
Dithmenos
Elyvilon
Fedhas
Gozag
Hepliaklqana
Kikubaaqudgha
Makhleb
Nemelex Xobeh
Okawaru
Qazlal
Ru
Sif Muna
Trog
Uskayaw
Vehumet
Wu Jian
Xom
Yredelemnul
Zin
The Shining One

Shops:
D:4 (   D:6 [*=

Annotations:
D:2 1 exclusion
D:7 Erica
D:8 exclusions: ice statue and 1 more exclusion
D:10 Erolcha, Fannar


Innate Abilities, Weirdness & Mutations

You have razor-sharp teeth.
Your natural rate of healing is unusually fast.
When hurt, damage is shared between your health and your magic reserves.
Your bite disrupts and absorbs the magic of your enemies.
Potions cannot restore your health.
You are immune to rotting.


Message History

Your hands turn into razor-sharp scythe blades.
Your uncursed staff of wizardry melds into your body.
Unknown command.
You climb downwards.
Welcome back to the Lair of Beasts!
The electric eel shoots out a bolt of lightning at you!
The bolt of electricity hits you! The bolt of electricity misses you.
The komodo dragon bites you.
The electric eel shoots out a bolt of lightning at you!
The bolt of electricity hits you! x2
There is a staircase back to the Dungeon here.
The komodo dragon completely misses you.
The electric eel shoots out a bolt of lightning at you!
The bolt of electricity hits you! The bolt of electricity misses you.
You climb upwards.
Welcome back to the Dungeon!
There is a staircase to the Lair here.
You slice the komodo dragon!!
The komodo dragon is heavily wounded.
The komodo dragon bites you!!
Ouch! That really hurt!
You die...

....# #.....#...#.# #......#.#
....# ####..♣...#.###.........
....# ##........P............
....# ###........♣..#......#...
....# #........♣.P......####...
....# ##.P♣...♣.......##### #...
########..P......PPP.......# #...
#.........P♣lP.....##.# #...
##.....P....@P...♣..##.# #...
#....P..............##.# #...
#....P....♣P.....PP.##.# ####
#####'#.................##.#####
#............P........P........##
#....................♣.........+.
#.............P.P...P..........##
#................P.############..
#...............###############..


You could see a komodo dragon.

Vanquished Creatures
  Josephine (D:10)
  2 two-headed ogres
  Pikel (D:5)
  Psyche (D:9)
  A centaur zombie (D:10)
  A spiny frog (D:9)
  A troll (D:10)
  3 hippogriffs
  4 yaks (D:9)
  5 wraiths (D:10)
  2 basilisks (D:9)
  A hungry ghost (D:10)
  A water moccasin (D:9)
  3 ice beasts
  4 porcupines
  A sky beast (D:9)
  A slave (D:5)
  A phantom (D:10)
  6 ogres
  An eye of draining (D:9)
  4 centaurs
  2 crocodiles (D:9)
  6 big kobolds
  2 gnoll sergeants (D:10)
  7 bullfrogs
  A wyvern skeleton (D:7)
  3 scorpions
  6 killer bees (D:7)
  2 howler monkeys
  5 crimson imps
  A jelly (D:7)
  7 hounds
  3 bullfrog skeletons
  A centaur skeleton (D:4)
  5 orc wizards
  3 iguanas
  6 worker ants
  A killer bee zombie (D:5)
  A hound zombie (D:7)
  2 hound skeletons
  Robin (D:3)
  6 gnolls (D:10)
  10 adders
  5 shadow imps
  An adder zombie (D:6)
  An ooze (D:2)
  A worm (D:4)
  10 leopard geckos
  25 orcs
  6 bats
  4 giant cockroaches
  11 hobgoblins
  7 jackals
  12 kobolds
  3 quokkas
  A ball python (D:4)
  5 frilled lizards
  15 goblins
  2 jackal skeletons
  A jackal zombie (D:5)
  A leopard gecko skeleton (D:4)
  A quokka skeleton (D:4)
  7 rats
  A fungus (D:6)
246 creatures vanquished.

Vanquished Creatures (collateral kills)
  An orc warrior (D:8)
  An ogre (D:4)
  An orc priest (D:4)
  3 orc wizards
  8 orcs
  A kobold (D:2)
15 creatures vanquished.

Vanquished Creatures (others)
  A centaur (D:5)
  A shadow imp (D:5)
  A fungus (D:9)
  5 plants (D:9)
8 creatures vanquished.

Grand Total: 269 creatures vanquished

Notes
Turn   | Place    | Note
-------+----------+-------------------------------------------
     0 | D:1      | toffzen the Vine Stalker Transmuter began the quest for the Orb.
     0 | D:1      | Reached XP level 1. HP: 9/9 MP: 4/4
    51 | D:1      | Reached skill level 1 in Fighting
   124 | D:1      | Reached XP level 2. HP: 14/14 MP: 4/6
   205 | D:1      | Learned a level 2 spell: Sticks to Snakes
   730 | D:1      | Reached XP level 3. HP: 18/18 MP: 7/7
   930 | D:2      | Learned a level 3 spell: Spider Form
  1328 | D:2      | Reached skill level 4 in Unarmed Combat
  1361 | D:2      | Found a deep blue altar of Sif Muna.
  1802 | D:2      | Gained mutation: Your natural rate of healing is unusually fast. [Vine Stalker growth]
  1802 | D:2      | Reached XP level 4. HP: 18/23 MP: 6/8
  2412 | D:3      | Noticed Robin
  2468 | D:3      | Killed Robin
  2535 | D:3      | Got a bloodstained helmet
  2541 | D:3      | Identified the +1 helmet of Inviolability {rPois rF+ rN++ Stlth+} (You took it off Robin on level 3 of the Dungeon)
  2587 | D:3      | Reached XP level 5. HP: 27/27 MP: 9/9
  2946 | D:4      | Reached skill level 5 in Unarmed Combat
  2990 | D:4      | Noticed an ogre
  3114 | D:4      | Killed an ogre
  3243 | D:4      | Found Vyiwamume's Antique Weapon Shoppe.
  3312 | D:4      | Reached XP level 6. HP: 32/32 MP: 8/10
  3480 | D:4      | Reached skill level 6 in Unarmed Combat
  3639 | D:4      | Reached XP level 7. HP: 21/36 MP: 4/11
  3805 | D:5      | Entered Level 5 of the Dungeon
  4715 | D:5      | Noticed Pikel
  4740 | D:5      | Killed Pikel
  4740 | D:5      | Reached skill level 7 in Unarmed Combat
  4740 | D:5      | Reached skill level 5 in Transmutations
  4740 | D:5      | Gained mutation: You have razor-sharp teeth. [Vine Stalker growth]
  4740 | D:5      | Reached XP level 8. HP: 32/42 MP: 4/12
  4888 | D:5      | Found a staircase to the Ecumenical Temple.
  4897 | Temple   | Entered the Ecumenical Temple
  5177 | Temple   | Became a worshipper of Warmaster Okawaru
  5347 | D:6      | Found Tuopink's Armour Emporium.
  5653 | D:6      | Found an ancient bone altar of Kikubaaqudgha.
  5759 | D:6      | Learned a level 5 spell: Blade Hands
  6095 | D:6      | Found Mistrag's Jewellery Shoppe.
  6111 | D:6      | Found Yxkuisch's Assorted Antiques.
  6144 | D:6      | Reached skill level 8 in Unarmed Combat
  6628 | D:6      | Reached * piety under Okawaru
  6783 | D:7      | Reached XP level 9. HP: 40/46 MP: 8/13
  7177 | D:7      | Reached skill level 1 in Invocations
  7249 | D:7      | Reached skill level 5 in Fighting
  7345 | D:7      | Reached ** piety under Okawaru
  7557 | D:7      | Reached skill level 9 in Unarmed Combat
  8227 | D:8      | Noticed Erica
  8333 | D:8      | Noticed an ice devil
  8560 | D:8      | Noticed an ice devil
  8561 | D:8      | Noticed an ice devil
  8574 | D:8      | Noticed an ice devil
  8655 | D:8      | Noticed an ice statue
  8706 | D:8      | Noticed a two-headed ogre
  8740 | D:8      | Killed a two-headed ogre
  8740 | D:8      | Reached *** piety under Okawaru
  8740 | D:8      | Reached XP level 10. HP: 53/53 MP: 4/15
  9051 | D:9      | Reached skill level 10 in Unarmed Combat
  9355 | D:9      | Reached **** piety under Okawaru
  9552 | D:9      | Found a staircase to the Lair.
  9596 | D:9      | Found a radiant altar of Vehumet.
  9825 | D:9      | Noticed Psyche
  9840 | D:9      | Killed Psyche
 10513 | D:10     | Entered Level 10 of the Dungeon
 10548 | D:10     | Reached skill level 11 in Unarmed Combat
 10548 | D:10     | Reached XP level 11. HP: 58/58 MP: 10/16
 10693 | D:10     | Found a staircase to the Orcish Mines.
 10755 | D:10     | Reached ***** piety under Okawaru
 11078 | D:10     | Reached skill level 5 in Dodging
 11750 | D:10     | Noticed Josephine
 11761 | D:10     | Killed Josephine
 11761 | D:10     | Received a gift from Okawaru
 11905 | D:10     | Noticed a two-headed ogre
 11912 | D:10     | Killed a two-headed ogre
 11950 | D:10     | Noticed Erolcha
 11959 | D:10     | Noticed Fannar
 12185 | D:9      | Learned a level 4 spell: Ice Form
 12203 | Lair:1   | Entered Level 1 of the Lair of Beasts
 12300 | D:9      | Slain by a komodo dragon

Skill      XL: |  1  2  3  4  5  6  7  8  9 10 11 |
---------------+----------------------------------+-----
Fighting       | 1 2 3 4 6 7 |  7.5
Unarmed Combat | 4 5 6 7 8 9 11 | 11.9
Transmutations | 5 7 8 |  8.8
Dodging        | 2 3 4 5 |  5.5
Spellcasting   | 3 |  3.0
Invocations    | 2 |  2.0

Action                   |  1- 3 |  4- 6 |  7- 9 | 10-12 || total
-------------------------+-------+-------+-------+-------++-------
Melee: Unarmed           |    95 |   142 |   343 |   246 ||   826
       Headbutt          |     5 |     8 |       |       ||    13
       Bite              |    18 |    32 |    59 |    28 ||   137
       Kick              |     8 |    15 |     8 |       ||    31
       Punch             |       |     4 |     5 |     3 ||    12
       Staff             |       |       |       |     7 ||     7
Throw: Stone             |       |     3 |    11 |     3 ||    17
 Cast: Beastly Appendage |    17 |    14 |     4 |       ||    35
       Sticks to Snakes  |     2 |    12 |    24 |     7 ||    45
       Spider Form       |       |       |    28 |    15 ||    43
       Blade Hands       |       |       |       |    21 ||    21
       Ice Form          |       |       |       |     1 ||     1
Invok: Heroism           |       |       |     7 |     5 ||    12
 Abil: End Transformatio |       |       |     2 |       ||     2
  Use: Scroll            |       |     7 |    11 |     3 ||    21
 Stab: Sleeping          |     1 |     8 |     5 |       ||    14
       Distracted        |       |     1 |     2 |     1 ||     4
  Eat: Ration            |     1 |       |     1 |     2 ||     4
       Chunk             |       |     7 |    18 |    15 ||    40
Armor: Robe              |    14 |    25 |    31 |    14 ||    84
       Skin              |       |       |     8 |     5 ||    13
Dodge: Dodged            |    54 |    65 |   207 |   165 ||   491
